[ AOE2 MATCH · #486689870 ]
UnrankedMaya vs Lithuanians
[ REPLAY ANALYSIS · EXTRACTED FROM THE RECORDED GAME ]
Feudal
9:38
Castle
19:39
Imperial
—
| APM avg | 60.3 |
| APM peak | 128 |
| eAPM avg | 31.9 |
| Villagers / military | 91 / 110 |
Focus
⚔️ 50.3% · 🌾 49.7%
Archer ×110
Feudal
9:42
Castle
24:40
Imperial
—
| APM avg | 54.9 |
| APM peak | 112 |
| eAPM avg | 22.6 |
| Villagers / military | 79 / 63 |
Focus
⚔️ 30.8% · 🌾 69.2%
Knight ×45 · Skirmisher ×10 · Scout Cavalry ×8
Feudal
8:12
Castle
23:54
Imperial
—
| APM avg | 48.6 |
| APM peak | 93 |
| eAPM avg | 18.8 |
| Villagers / military | 61 / 63 |
Focus
⚔️ 38.0% · 🌾 62.0%
Knight ×45 · Scout Cavalry ×15 · Spearman ×3
Feudal
9:37
Castle
24:59
Imperial
—
| APM avg | 58.7 |
| APM peak | 108 |
| eAPM avg | 25.5 |
| Villagers / military | 72 / 55 |
Focus
⚔️ 44.5% · 🌾 55.5%
Archer ×55
Match map
Initial resources + every placement click. Lines = walls · curves = elevation contours. ◆ gold · ⬟ stone · ● berries · ✦ relic · ◌ wall gap
Your base· ✓ Closed at 19:39 · 60t walls · 2 gate(s)
DS_gatoloco's base· ✓ Closed at 24:40 · 50t walls · no gate
[AdeA]Kvothe1986's base· Open — opponent sealed themselves in
DS_Uruguayo's base· ✓ Closed at 24:59 · 69t walls · 1 gate(s)
Smoothed initial terrain · ◌ = detected wall gap · hover for details
Inputs per minute
— Hipopocrates - - DS_gatoloco
Build order — Hipopocrates
First 150 of 346 actions detected
| 0:01 | Research | Loom |
| 0:03 | Build | House |
| 0:05 | Build | House |
| 0:12 | Create | Villager (Male) |
| 0:12 | Create | Villager (Male) |
| 0:13 | Create | Villager (Male) |
| 1:25 | Create | Villager (Male) |
| 1:25 | Create | Villager (Male) |
| 1:54 | Build | Lumber Camp |
| 2:13 | Create | Villager (Male) |
| 2:13 | Create | Villager (Male) |
| 2:24 | Create | Villager (Male) |
| 2:46 | Create | Villager (Male) |
| 2:46 | Create | Villager (Male) |
| 3:06 | Build | House |
| 3:11 | Build | House |
| 3:18 | Create | Villager (Male) |
| 3:19 | Create | Villager (Male) |
| 3:19 | Create | Villager (Male) |
| 3:19 | Create | Villager (Male) |
| 4:04 | Create | Villager (Male) |
| 4:04 | Create | Villager (Male) |
| 4:20 | Create | Villager (Male) |
| 4:48 | Build | Mill |
| 5:04 | Create | Villager (Male) |
| 5:30 | Create | Villager (Male) |
| 5:57 | Build | House |
| 5:59 | Create | Villager (Male) |
| 6:21 | Build | Barracks |
| 6:26 | Create | Villager (Male) |
| 6:59 | Create | Villager (Male) |
| 7:06 | Build | House |
| 7:07 | Build | Palisade Wall |
| 7:28 | Research | Feudal Age |
| 7:28 | Research | Feudal Age |
| 7:28 | Research | Feudal Age |
| 7:28 | Research | Feudal Age |
| 7:28 | Research | Feudal Age |
| 7:28 | Research | Feudal Age |
| 7:28 | Research | Feudal Age |
| 7:28 | Research | Feudal Age |
| 7:45 | Build | Mining Camp |
| 9:10 | Create | Villager (Male) |
| 9:38 | Age | Feudal Age |
| 9:41 | Build | Archery Range |
| 9:53 | Build | Blacksmith |
| 10:03 | Create | Villager (Male) |
| 10:07 | Research | Double-Bit Axe |
| 10:07 | Research | Double-Bit Axe |
| 10:20 | Build | Palisade Gate |
| 10:31 | Create | Villager (Male) |
| 10:46 | Build | Mill |
| 10:51 | Create | Archer |
| 11:01 | Create | Villager (Male) |
| 11:08 | Build | House |
| 11:11 | Build | Palisade Wall |
| 11:24 | Create | Villager (Male) |
| 11:32 | Create | Villager (Male) |
| 11:32 | Create | Archer |
| 11:39 | Build | House |
| 11:40 | Build | Palisade Wall |
| 11:54 | Research | Fletching |
| 11:54 | Research | Fletching |
| 12:00 | Build | House |
| 12:01 | Build | Palisade Wall |
| 12:20 | Build | Archery Range |
| 12:28 | Create | Villager (Male) |
| 12:31 | Build | Farm |
| 12:39 | Create | Villager (Male) |
| 12:40 | Create | Archer |
| 12:53 | Create | Villager (Male) |
| 13:08 | Create | Archer |
| 13:11 | Build | Farm |
| 13:12 | Build | Farm |
| 13:19 | Create | Archer |
| 13:21 | Create | Archer |
| 13:29 | Build | Palisade Wall |
| 13:33 | Build | Palisade Wall |
| 13:45 | Create | Villager (Male) |
| 13:55 | Build | House |
| 13:57 | Build | Palisade Wall |
| 14:01 | Create | Villager (Male) |
| 14:05 | Create | Archer |
| 14:06 | Create | Archer |
| 14:17 | Create | Villager (Male) |
| 14:29 | Create | Villager (Male) |
| 14:32 | Build | Market |
| 14:41 | Create | Villager (Male) |
| 14:45 | Create | Archer |
| 14:45 | Create | Archer |
| 14:46 | Create | Villager (Male) |
| 14:59 | Build | Farm |
| 15:01 | Build | Farm |
| 15:02 | Build | Farm |
| 15:13 | Create | Archer |
| 15:13 | Create | Archer |
| 15:26 | Build | Farm |
| 15:29 | Build | Farm |
| 15:30 | Create | Villager (Male) |
| 15:53 | Create | Villager (Male) |
| 16:21 | Create | Villager (Male) |
| 16:59 | Research | Castle Age |
| 16:59 | Research | Castle Age |
| 16:59 | Research | Castle Age |
| 16:59 | Research | Castle Age |
| 16:59 | Research | Castle Age |
| 16:59 | Research | Castle Age |
| 16:59 | Research | Castle Age |
| 17:03 | Build | Lumber Camp |
| 17:19 | Build | Palisade Gate |
| 17:40 | Create | Archer |
| 17:41 | Create | Archer |
| 17:44 | Research | Gold Mining |
| 17:44 | Research | Gold Mining |
| 17:49 | Build | House |
| 17:53 | Build | House |
| 18:08 | Research | Padded Archer Armor |
| 18:18 | Create | Archer |
| 18:19 | Create | Archer |
| 18:32 | Create | Villager (Male) |
| 18:45 | Create | Archer |
| 18:45 | Create | Archer |
| 19:09 | Create | Villager (Male) |
| 19:39 | Age | Castle Age |
| 19:44 | Research | Crossbowman (upgrade) |
| 19:45 | Research | Crossbowman (upgrade) |
| 19:54 | Research | Bodkin Arrow |
| 19:55 | Research | Bodkin Arrow |
| 19:55 | Create | Villager (Male) |
| 19:55 | Create | Villager (Male) |
| 20:03 | Create | Villager (Male) |
| 20:33 | Create | Archer |
| 20:33 | Create | Archer |
| 20:33 | Create | Villager (Male) |
| 20:33 | Create | Villager (Male) |
| 20:58 | Create | Archer |
| 20:58 | Create | Archer |
| 21:26 | Build | Town Center |
| 21:33 | Create | Archer |
| 21:34 | Create | Archer |
| 21:34 | Create | Archer |
| 21:50 | Build | Town Center |
| 21:58 | Research | Wheelbarrow |
| 21:58 | Research | Wheelbarrow |
| 21:58 | Research | Town Watch |
| 21:58 | Research | Town Watch |
| 22:03 | Build | House |
| 22:03 | Build | House |
| 22:03 | Build | House |
| 22:03 | Build | House |
Build order — DS_gatoloco
First 150 of 215 actions detected
| 0:02 | Build | House |
| 0:06 | Build | House |
| 0:13 | Create | Villager (Male) |
| 0:13 | Create | Villager (Male) |
| 0:22 | Create | Villager (Male) |
| 0:22 | Create | Villager (Male) |
| 0:22 | Create | Villager (Male) |
| 0:23 | Create | Villager (Male) |
| 1:43 | Create | Villager (Male) |
| 2:01 | Build | Lumber Camp |
| 2:11 | Create | Villager (Male) |
| 2:11 | Create | Villager (Male) |
| 2:37 | Create | Villager (Male) |
| 2:37 | Create | Villager (Male) |
| 3:06 | Create | Villager (Male) |
| 3:47 | Create | Villager (Male) |
| 4:17 | Create | Villager (Male) |
| 4:17 | Create | Villager (Male) |
| 5:23 | Create | Villager (Male) |
| 5:23 | Create | Villager (Male) |
| 5:27 | Research | Loom |
| 5:30 | Build | House |
| 5:33 | Create | Villager (Male) |
| 5:55 | Create | Villager (Male) |
| 5:55 | Create | Villager (Male) |
| 6:09 | Build | Mill |
| 6:11 | Create | Villager (Male) |
| 6:33 | Create | Villager (Male) |
| 6:55 | Create | Villager (Male) |
| 7:31 | Research | Feudal Age |
| 8:12 | Build | Barracks |
| 8:26 | Build | House |
| 9:18 | Build | Palisade Wall |
| 9:42 | Age | Feudal Age |
| 9:52 | Build | Stable |
| 9:56 | Create | Villager (Male) |
| 10:00 | Build | Mill |
| 10:03 | Create | Villager (Male) |
| 10:24 | Create | Villager (Male) |
| 10:27 | Research | Double-Bit Axe |
| 10:34 | Create | Scout Cavalry |
| 10:34 | Create | Scout Cavalry |
| 11:02 | Create | Villager (Male) |
| 11:07 | Build | House |
| 11:08 | Build | Palisade Wall |
| 11:12 | Create | Villager (Male) |
| 11:17 | Build | Farm |
| 11:23 | Create | Scout Cavalry |
| 11:23 | Create | Scout Cavalry |
| 11:34 | Build | Farm |
| 11:52 | Build | Farm |
| 11:52 | Build | Farm |
| 11:56 | Create | Villager (Male) |
| 12:03 | Build | Farm |
| 12:04 | Create | Villager (Male) |
| 12:21 | Build | Palisade Wall |
| 12:34 | Create | Scout Cavalry |
| 12:48 | Build | Palisade Wall |
| 12:50 | Build | Palisade Wall |
| 12:52 | Create | Villager (Male) |
| 13:08 | Build | House |
| 13:11 | Build | House |
| 13:16 | Create | Scout Cavalry |
| 13:17 | Create | Villager (Male) |
| 13:24 | Build | Farm |
| 13:25 | Create | Villager (Male) |
| 13:37 | Build | Farm |
| 13:38 | Create | Villager (Male) |
| 14:01 | Create | Villager (Male) |
| 14:06 | Build | House |
| 14:07 | Build | Palisade Wall |
| 14:08 | Create | Villager (Male) |
| 14:42 | Create | Villager (Male) |
| 14:53 | Build | Archery Range |
| 14:55 | Create | Villager (Male) |
| 15:04 | Build | Blacksmith |
| 15:05 | Create | Villager (Male) |
| 15:10 | Create | Villager (Male) |
| 15:24 | Create | Villager (Male) |
| 15:42 | Create | Villager (Male) |
| 15:45 | Build | House |
| 15:46 | Build | Palisade Wall |
| 15:48 | Build | Palisade Wall |
| 15:49 | Create | Villager (Male) |
| 15:54 | Create | Skirmisher |
| 15:54 | Create | Skirmisher |
| 15:58 | Create | Villager (Male) |
| 16:21 | Create | Villager (Male) |
| 16:26 | Create | Skirmisher |
| 16:26 | Create | Skirmisher |
| 16:26 | Create | Skirmisher |
| 16:32 | Create | Villager (Male) |
| 16:48 | Build | Palisade Wall |
| 16:53 | Build | Farm |
| 16:54 | Create | Villager (Male) |
| 16:59 | Build | Palisade Wall |
| 17:02 | Create | Villager (Male) |
| 17:02 | Create | Villager (Male) |
| 17:08 | Create | Villager (Male) |
| 17:28 | Create | Skirmisher |
| 17:28 | Create | Skirmisher |
| 17:38 | Create | Villager (Male) |
| 17:41 | Build | House |
| 17:44 | Build | Palisade Wall |
| 17:48 | Build | Farm |
| 17:48 | Build | Farm |
| 17:48 | Build | Farm |
| 18:00 | Create | Villager (Male) |
| 18:02 | Create | Skirmisher |
| 18:03 | Create | Skirmisher |
| 18:19 | Build | Farm |
| 18:22 | Build | Mining Camp |
| 18:35 | Create | Villager (Male) |
| 19:07 | Create | Villager (Male) |
| 19:09 | Build | House |
| 19:13 | Build | Farm |
| 19:13 | Build | Farm |
| 19:13 | Build | Farm |
| 19:36 | Create | Scout Cavalry |
| 19:37 | Create | Scout Cavalry |
| 19:38 | Create | Villager (Male) |
| 19:55 | Create | Villager (Male) |
| 20:01 | Build | Farm |
| 20:01 | Build | Farm |
| 20:01 | Build | Farm |
| 20:01 | Build | Farm |
| 20:05 | Research | Horse Collar |
| 20:22 | Research | Gold Mining |
| 20:25 | Create | Skirmisher |
| 21:09 | Build | Farm |
| 22:00 | Research | Castle Age |
| 22:24 | Build | Lumber Camp |
| 22:35 | Research | Fletching |
| 22:38 | Research | Forging |
| 23:04 | Research | Bloodlines |
| 23:10 | Build | Stable |
| 23:28 | Build | Farm |
| 24:03 | Research | Scale Barding Armor |
| 24:06 | Build | Stable |
| 24:20 | Create | Villager (Male) |
| 24:40 | Age | Castle Age |
| 24:46 | Research | Iron Casting |
| 24:51 | Create | Knight ×3 |
| 24:51 | Create | Knight ×3 |
| 25:02 | Build | Market |
| 25:13 | Create | Knight ×2 |
| 25:13 | Create | Knight ×2 |
| 25:50 | Create | Knight ×3 |
| 26:01 | Create | Villager (Male) |
| 26:05 | Build | House |
Build order — [AdeA]Kvothe1986
First 150 of 218 actions detected
| 0:00 | Create | Villager (Male) |
| 0:00 | Create | Villager (Male) |
| 0:01 | Create | Villager (Male) |
| 0:02 | Build | House |
| 0:04 | Build | House |
| 0:31 | Create | Villager (Male) |
| 0:31 | Create | Villager (Male) |
| 1:22 | Create | Villager (Male) |
| 1:42 | Build | Lumber Camp |
| 2:01 | Create | Villager (Male) |
| 2:01 | Create | Villager (Male) |
| 2:13 | Create | Villager (Male) |
| 2:13 | Create | Villager (Male) |
| 2:55 | Create | Villager (Male) |
| 2:59 | Create | Villager (Male) |
| 3:29 | Create | Villager (Male) |
| 3:41 | Build | House |
| 4:10 | Create | Villager (Male) |
| 4:12 | Create | Villager (Male) |
| 4:23 | Research | Loom |
| 4:32 | Create | Villager (Male) |
| 4:49 | Create | Villager (Male) |
| 4:56 | Build | Mill |
| 5:24 | Create | Villager (Male) |
| 6:08 | Research | Feudal Age |
| 6:08 | Research | Feudal Age |
| 6:39 | Build | Barracks |
| 6:52 | Build | House |
| 7:44 | Create | Villager (Male) |
| 8:12 | Age | Feudal Age |
| 8:13 | Build | Stable |
| 8:17 | Research | Double-Bit Axe |
| 8:29 | Create | Villager (Male) |
| 8:42 | Research | Horse Collar |
| 8:51 | Build | House |
| 8:57 | Build | House |
| 8:58 | Create | Scout Cavalry |
| 8:58 | Create | Scout Cavalry |
| 9:03 | Create | Villager (Male) |
| 9:12 | Build | Farm |
| 9:25 | Create | Villager (Male) |
| 9:36 | Build | Farm |
| 9:46 | Create | Scout Cavalry |
| 9:51 | Build | Farm |
| 9:58 | Build | House |
| 10:03 | Create | Villager (Male) |
| 10:34 | Build | Farm |
| 10:35 | Build | Farm |
| 10:47 | Create | Villager (Male) |
| 11:11 | Build | Farm |
| 11:12 | Build | Farm |
| 11:13 | Build | Farm |
| 11:42 | Build | Farm |
| 11:43 | Build | Farm |
| 11:47 | Create | Scout Cavalry |
| 12:15 | Create | Villager (Male) |
| 12:18 | Build | Farm |
| 12:19 | Build | Farm |
| 12:35 | Build | Farm |
| 12:38 | Create | Scout Cavalry |
| 12:42 | Create | Villager (Male) |
| 12:45 | Build | House |
| 13:07 | Build | Farm |
| 13:12 | Create | Villager (Male) |
| 13:27 | Create | Scout Cavalry |
| 13:31 | Build | Mill |
| 14:01 | Create | Scout Cavalry |
| 14:01 | Create | Villager (Male) |
| 14:21 | Create | Villager (Male) |
| 14:32 | Create | Scout Cavalry |
| 14:33 | Build | Farm |
| 14:34 | Build | Farm |
| 14:45 | Create | Scout Cavalry |
| 15:12 | Create | Villager (Male) |
| 15:23 | Build | House |
| 15:24 | Create | Villager (Male) |
| 15:27 | Create | Spearman |
| 15:28 | Create | Spearman |
| 15:32 | Build | Palisade Wall |
| 15:33 | Build | Palisade Wall |
| 15:34 | Build | Palisade Wall |
| 15:36 | Build | Palisade Wall |
| 15:37 | Build | Palisade Wall |
| 15:42 | Build | Palisade Wall |
| 15:43 | Build | House |
| 15:47 | Build | House |
| 15:49 | Build | Farm |
| 15:53 | Create | Villager (Male) |
| 16:18 | Build | House |
| 16:27 | Build | Farm |
| 16:31 | Create | Villager (Male) |
| 16:44 | Create | Spearman |
| 16:47 | Build | Palisade Wall |
| 16:49 | Build | House |
| 16:51 | Build | Palisade Wall |
| 16:55 | Create | Villager (Male) |
| 16:56 | Create | Scout Cavalry |
| 17:10 | Build | Mining Camp |
| 17:35 | Build | Watch Tower |
| 18:08 | Create | Villager (Male) |
| 18:33 | Create | Villager (Male) |
| 18:35 | Research | Wheelbarrow |
| 19:12 | Create | Villager (Male) |
| 19:55 | Build | Stable |
| 20:33 | Research | Bloodlines |
| 20:41 | Build | Market |
| 21:28 | Research | Castle Age |
| 21:32 | Build | Lumber Camp |
| 22:00 | Build | House |
| 22:01 | Build | House |
| 22:05 | Build | House |
| 22:06 | Build | House |
| 22:30 | Build | House |
| 22:44 | Build | Blacksmith |
| 22:56 | Create | Scout Cavalry |
| 23:08 | Build | Blacksmith |
| 23:21 | Build | Farm |
| 23:44 | Research | Scale Barding Armor |
| 23:44 | Research | Forging |
| 23:54 | Age | Castle Age |
| 23:56 | Research | Gold Mining |
| 23:58 | Research | Husbandry |
| 23:58 | Create | Knight |
| 23:58 | Create | Knight |
| 24:16 | Build | House |
| 24:20 | Build | House |
| 24:21 | Build | House |
| 24:36 | Create | Villager (Male) |
| 24:36 | Create | Villager (Male) |
| 24:38 | Research | Light Cavalry (upgrade) |
| 24:55 | Create | Knight ×3 |
| 24:57 | Create | Villager (Male) |
| 24:59 | Build | Farm |
| 25:01 | Build | Farm |
| 25:02 | Build | Farm |
| 25:25 | Create | Knight |
| 25:26 | Create | Villager (Male) |
| 25:27 | Create | Villager (Male) |
| 25:27 | Create | Villager (Male) |
| 25:30 | Build | Farm |
| 25:46 | Research | Iron Casting |
| 26:03 | Create | Knight |
| 26:06 | Create | Villager (Male) |
| 26:09 | Build | Farm |
| 26:12 | Build | Farm |
| 26:14 | Build | Farm |
| 26:19 | Create | Scout Cavalry |
| 26:20 | Create | Scout Cavalry |
| 26:21 | Build | Farm |
| 26:37 | Build | House |
Build order — DS_Uruguayo
First 150 of 233 actions detected
| 0:00 | Create | Villager (Male) |
| 0:00 | Create | Villager (Male) |
| 0:01 | Build | House |
| 0:02 | Build | House |
| 0:09 | Create | Villager (Male) |
| 0:24 | Create | Villager (Male) |
| 1:27 | Create | Villager (Male) |
| 1:27 | Create | Villager (Male) |
| 1:43 | Build | Lumber Camp |
| 1:59 | Create | Villager (Male) |
| 2:22 | Create | Villager (Male) |
| 2:48 | Create | Villager (Male) |
| 3:20 | Research | Loom |
| 3:27 | Create | Villager (Male) |
| 3:27 | Create | Villager (Male) |
| 3:27 | Create | Villager (Male) |
| 3:56 | Build | House |
| 4:10 | Create | Villager (Male) |
| 4:10 | Create | Villager (Male) |
| 4:42 | Create | Villager (Male) |
| 4:51 | Create | Villager (Male) |
| 5:30 | Create | Villager (Male) |
| 5:58 | Create | Villager (Male) |
| 5:59 | Create | Villager (Male) |
| 5:59 | Research | Loom |
| 6:58 | Create | Villager (Male) |
| 7:03 | Build | Mining Camp |
| 7:26 | Research | Feudal Age |
| 7:26 | Research | Feudal Age |
| 7:40 | Create | Villager (Male) |
| 8:31 | Build | Barracks |
| 8:54 | Build | House |
| 9:37 | Age | Feudal Age |
| 9:38 | Build | Archery Range |
| 10:02 | Create | Villager (Male) |
| 10:10 | Build | Archery Range |
| 10:19 | Build | Palisade Gate |
| 10:48 | Build | Palisade Wall |
| 10:55 | Create | Villager (Male) |
| 10:59 | Build | Palisade Wall |
| 11:01 | Build | Palisade Wall |
| 11:07 | Create | Villager (Male) |
| 11:09 | Create | Archer |
| 11:09 | Create | Archer |
| 11:31 | Build | Palisade Wall |
| 11:42 | Create | Villager (Male) |
| 11:46 | Create | Villager (Male) |
| 11:48 | Research | Town Watch |
| 11:49 | Create | Villager (Male) |
| 11:59 | Create | Archer |
| 12:00 | Create | Archer |
| 12:12 | Build | Palisade Wall |
| 12:12 | Build | Palisade Wall |
| 12:20 | Create | Villager (Male) |
| 12:23 | Build | House |
| 12:34 | Create | Archer |
| 12:34 | Create | Archer |
| 12:48 | Build | Blacksmith |
| 12:49 | Build | House |
| 12:51 | Build | Palisade Wall |
| 12:52 | Build | Palisade Wall |
| 12:55 | Build | Palisade Wall |
| 12:56 | Build | Palisade Wall |
| 12:57 | Build | Palisade Wall |
| 12:58 | Build | Palisade Wall |
| 13:07 | Build | Palisade Wall |
| 13:12 | Build | Palisade Wall |
| 13:13 | Build | Palisade Wall |
| 13:15 | Create | Villager (Male) |
| 13:16 | Create | Archer |
| 13:16 | Create | Archer |
| 13:24 | Build | Mill |
| 13:25 | Create | Villager (Male) |
| 14:05 | Build | Palisade Wall |
| 14:06 | Build | Palisade Wall |
| 14:07 | Build | Palisade Wall |
| 14:25 | Create | Archer |
| 14:25 | Create | Archer |
| 14:26 | Research | Fletching |
| 14:27 | Research | Fletching |
| 14:27 | Create | Villager (Male) |
| 14:44 | Build | Palisade Wall |
| 14:47 | Build | Palisade Wall |
| 14:48 | Build | Palisade Wall |
| 14:49 | Build | Palisade Wall |
| 14:51 | Build | Palisade Wall |
| 15:02 | Build | Palisade Gate |
| 15:09 | Create | Archer |
| 15:09 | Create | Archer |
| 15:23 | Build | Farm |
| 15:25 | Build | Farm |
| 15:26 | Build | Farm |
| 15:29 | Create | Villager (Male) |
| 15:29 | Create | Villager (Male) |
| 15:32 | Build | Farm |
| 15:35 | Build | House |
| 15:37 | Build | House |
| 15:40 | Build | House |
| 15:50 | Create | Villager (Male) |
| 16:17 | Create | Archer |
| 16:23 | Build | House |
| 16:23 | Build | Palisade Wall |
| 16:27 | Build | Farm |
| 16:33 | Build | House |
| 16:34 | Build | Palisade Wall |
| 16:35 | Build | Palisade Wall |
| 16:48 | Create | Archer |
| 16:48 | Create | Villager (Male) |
| 16:48 | Create | Villager (Male) |
| 16:51 | Build | Farm |
| 17:00 | Build | Palisade Wall |
| 17:10 | Create | Villager (Male) |
| 17:13 | Build | Farm |
| 17:34 | Create | Villager (Male) |
| 17:35 | Create | Archer |
| 17:35 | Create | Archer |
| 17:59 | Create | Villager (Male) |
| 18:00 | Create | Archer |
| 18:00 | Create | Archer |
| 18:06 | Build | House |
| 18:08 | Build | Palisade Wall |
| 18:12 | Build | Palisade Wall |
| 18:13 | Create | Villager (Male) |
| 18:33 | Create | Villager (Male) |
| 18:41 | Create | Archer |
| 18:41 | Create | Villager (Male) |
| 19:11 | Create | Villager (Male) |
| 19:12 | Create | Archer |
| 19:12 | Create | Archer |
| 19:20 | Build | Farm |
| 19:20 | Build | Farm |
| 19:42 | Create | Villager (Male) |
| 19:43 | Create | Archer |
| 19:43 | Create | Archer |
| 19:44 | Build | Farm |
| 20:03 | Research | Padded Archer Armor |
| 20:24 | Create | Villager (Male) |
| 20:38 | Build | Market |
| 20:44 | Create | Villager (Male) |
| 20:45 | Create | Archer |
| 20:48 | Create | Villager (Male) |
| 20:59 | Build | Palisade Wall |
| 21:05 | Build | House |
| 21:10 | Build | House |
| 21:33 | Build | Farm |
| 21:34 | Create | Villager (Male) |
| 21:48 | Create | Villager (Male) |
| 22:19 | Research | Castle Age |
| 22:36 | Create | Villager (Male) |
| 22:37 | Create | Archer |
Match timeline
| 6:21 | Hipopocrates · first_building Barracks |
| 6:39 | [AdeA]Kvothe1986 · first_building Barracks |
| 7:07 | Hipopocrates · wall_segment Palisade Wall x1 |
| 8:12 | [AdeA]Kvothe1986 · age_up feudal |
| 8:12 | DS_gatoloco · first_building Barracks |
| 8:13 | [AdeA]Kvothe1986 · first_building Stable |
| 8:31 | DS_Uruguayo · first_building Barracks |
| 9:18 | DS_gatoloco · wall_segment Palisade Wall x3 |
| 9:37 | DS_Uruguayo · age_up feudal |
| 9:38 | Hipopocrates · age_up feudal |
| 9:38 | DS_Uruguayo · first_building Archery Range |
| 9:41 | Hipopocrates · first_building Archery Range |
| 9:42 | DS_gatoloco · age_up feudal |
| 9:52 | DS_gatoloco · first_building Stable |
| 10:48 | DS_Uruguayo · wall_segment Palisade Wall x1 |
| 10:59 | DS_Uruguayo · wall_segment Palisade Wall x1 |
| 11:01 | DS_Uruguayo · wall_segment Palisade Wall x1 |
| 11:08 | DS_gatoloco · wall_segment Palisade Wall x6 |
| 11:11 | Hipopocrates · wall_segment Palisade Wall x12 |
| 11:31 | DS_Uruguayo · wall_segment Palisade Wall x1 |
| 11:40 | Hipopocrates · wall_segment Palisade Wall x6 |
| 12:01 | Hipopocrates · wall_segment Palisade Wall x7 |
| 12:12 | DS_Uruguayo · wall_segment Palisade Wall x1 |
| 12:12 | DS_Uruguayo · wall_segment Palisade Wall x1 |
| 12:21 | DS_gatoloco · wall_segment Palisade Wall x3 |
| 12:48 | DS_gatoloco · wall_segment Palisade Wall x2 |
| 12:50 | DS_gatoloco · wall_segment Palisade Wall x3 |
| 12:51 | DS_Uruguayo · wall_segment Palisade Wall x1 |
| 12:52 | DS_Uruguayo · wall_segment Palisade Wall x1 |
| 12:55 | DS_Uruguayo · wall_segment Palisade Wall x1 |
| 12:56 | DS_Uruguayo · wall_segment Palisade Wall x1 |
| 12:57 | DS_Uruguayo · wall_segment Palisade Wall x1 |
| 12:58 | DS_Uruguayo · wall_segment Palisade Wall x1 |
| 13:07 | DS_Uruguayo · wall_segment Palisade Wall x1 |
| 13:12 | DS_Uruguayo · wall_segment Palisade Wall x1 |
| 13:13 | DS_Uruguayo · wall_segment Palisade Wall x1 |
| 13:29 | Hipopocrates · wall_segment Palisade Wall x2 |
| 13:33 | Hipopocrates · wall_segment Palisade Wall x16 |
| 13:57 | Hipopocrates · wall_segment Palisade Wall x16 |
| 14:05 | DS_Uruguayo · wall_segment Palisade Wall x1 |
| 14:06 | DS_Uruguayo · wall_segment Palisade Wall x1 |
| 14:07 | DS_gatoloco · wall_segment Palisade Wall x8 |
| 14:07 | DS_Uruguayo · wall_segment Palisade Wall x1 |
| 14:44 | DS_Uruguayo · wall_segment Palisade Wall x1 |
| 14:47 | DS_Uruguayo · wall_segment Palisade Wall x1 |
| 14:48 | DS_Uruguayo · wall_segment Palisade Wall x1 |
| 14:49 | DS_Uruguayo · wall_segment Palisade Wall x1 |
| 14:51 | DS_Uruguayo · wall_segment Palisade Wall x1 |
| 14:53 | DS_gatoloco · first_building Archery Range |
| 15:32 | [AdeA]Kvothe1986 · wall_segment Palisade Wall x1 |
| 15:33 | [AdeA]Kvothe1986 · wall_segment Palisade Wall x1 |
| 15:34 | [AdeA]Kvothe1986 · wall_segment Palisade Wall x1 |
| 15:36 | [AdeA]Kvothe1986 · wall_segment Palisade Wall x1 |
| 15:37 | [AdeA]Kvothe1986 · wall_segment Palisade Wall x1 |
| 15:42 | [AdeA]Kvothe1986 · wall_segment Palisade Wall x1 |
| 15:45 | Hipopocrates · first_market_sell 100 stone |
| 15:46 | DS_gatoloco · wall_segment Palisade Wall x1 |
| 15:48 | DS_gatoloco · wall_segment Palisade Wall x6 |
| 15:51 | Hipopocrates · first_market_buy 100 food |
| 16:23 | DS_Uruguayo · wall_segment Palisade Wall x1 |
| 16:34 | DS_Uruguayo · wall_segment Palisade Wall x4 |
| 16:35 | DS_Uruguayo · wall_segment Palisade Wall x9 |
| 16:47 | [AdeA]Kvothe1986 · wall_segment Palisade Wall x1 |
| 16:48 | DS_gatoloco · wall_segment Palisade Wall x7 |
| 16:51 | [AdeA]Kvothe1986 · wall_segment Palisade Wall x1 |
| 16:59 | DS_gatoloco · wall_segment Palisade Wall x1 |
| 17:00 | DS_Uruguayo · wall_segment Palisade Wall x10 |
| 17:44 | DS_gatoloco · wall_segment Palisade Wall x10 |
| 18:08 | DS_Uruguayo · wall_segment Palisade Wall x9 |
| 18:12 | DS_Uruguayo · wall_segment Palisade Wall x9 |
| 19:39 | Hipopocrates · age_up castle |
| 20:59 | DS_Uruguayo · wall_segment Palisade Wall x5 |
| 21:25 | [AdeA]Kvothe1986 · first_market_sell 100 food |
| 21:41 | DS_Uruguayo · first_market_buy 100 food |
| 21:43 | DS_Uruguayo · first_market_sell 100 stone |
| 23:54 | [AdeA]Kvothe1986 · age_up castle |
| 24:40 | DS_gatoloco · age_up castle |
| 24:59 | DS_Uruguayo · age_up castle |
| 26:06 | DS_gatoloco · first_market_buy 100 food |
| 30:12 | DS_gatoloco · wall_segment Palisade Wall x1 |
| 31:58 | Hipopocrates · first_building Monastery |
| 32:33 | DS_gatoloco · first_market_sell 100 wood |
| 32:38 | [AdeA]Kvothe1986 · first_market_buy 100 stone |
| 33:34 | DS_Uruguayo · wall_segment Palisade Wall x1 |
| 35:00 | DS_Uruguayo · resign |
[ AI ANALYSIS · 1 CREDIT ]
What really happened in this match?
Wolo.gg analyzes every decision: build order, eco, micro, common mistakes by bracket. Personalized analysis on WhatsApp or Discord in 30 seconds.
Civ guide
Maya
Perfil
Jugador #4327398